 Dungeon Crawl Stone Soup version 0.30.1-4-g462c640d31 (webtiles) character file.

Game seed: 1209014029547905749

18001 spardeous the Placeless Demigod (level 11, -16/74 HPs)
             Began as a Demigod Conjurer on Aug 12, 2023.
             Demolished by SirLogeyBear's ghost (28 damage)
             ... on level 12 of the Dungeon.
             The game lasted 00:32:31 (13453 turns).

spardeous the Placeless Demigod (Demigod Conjurer) Turns: 13453, Time: 00:32:32

Health: -16/74     AC: 10    Str: 16    XL:     11   Next: 97%
Magic:  25/38      EV: 11    Int: 30    God:
Gold:   406        SH:  0    Dex: 12    Spells: 10/30 levels left

rFire   . . .        L - +7 sceptre of Torment {pain, torment}
rCold   . . .        (no shield)
rNeg    . . .        J - +0 troll leather armour
rPois   .            (no helmet)
rElec   .            F - +2 cloak
rCorr   .            s - +1 pair of gloves
SInv    .            v - +0 pair of boots
Will    +....        i - amulet of magic regeneration
Stlth   ++           l - +6 ring of intelligence
HPRegen 1.12/turn    y - ring of magical power
MPRegen 0.66/turn

%: no passive effects
@: lethally poisoned (-16 -> -18), studying Shields
A: high MP 1, forlorn, divine attributes
a: no special abilities


You were on level 12 of the Dungeon.
You visited 1 branch of the dungeon, and saw 12 of its levels.

You collected 910 gold pieces.
You spent 504 gold pieces at shops.

Inventory:

Hand Weapons
 L - the +7 sceptre of Torment (weapon) {pain, torment}
   (You found it on level 7 of the Dungeon)
Armour
 s - a +1 pair of gloves (worn)
 t - the +1 ring mail of Yredelemnul's Esteem {rC+ Str+5 Dex-4 Stlth-}
   (You found it on level 11 of the Dungeon)

   Str:       It affects your strength (+5).
   Dex:       It affects your dexterity (-4).
   rC:        It protects you from cold.
   Stlth:     It makes you less stealthy.
 v - a +0 pair of boots (worn)
 F - a +2 cloak (worn)
 J - a +0 troll leather armour (worn)
 N - the +2 plate armour "Lext" {rF+ Regen+ Dex+5}
   (You took it off a wight on level 7 of the Dungeon)

   Dex:       It affects your dexterity (+5).
   rF:        It protects you from fire.
   Regen:     It increases your rate of health regeneration.
 O - +0 steam dragon scales
 Q - the +3 scale mail of Lepaarist {*Slow +Blink rElec}
   (You found it on level 8 of the Dungeon)

   rElec:     It insulates you from electricity.
   +Blink:    It lets you blink.
   *Slow:     It may slow you when you take damage.
 T - a scarf of harm
Magical Staves
 x - the staff of death "Tiecud" {rN+ Int+3}
   (You found it on level 12 of the Dungeon)

   [staff of death]

   Base accuracy: +5 Base damage: 5 Base attack delay: 1.2 This weapon's minimum
   attack delay (0.6) is reached at skill level 12.
   Int:       It affects your intelligence (+3).
   rN:        It protects you from negative energy.
   It falls into the 'Staves' category.
   It is a one-handed weapon.
Jewellery
 i - an amulet of magic regeneration (around neck)
 l - a +6 ring of intelligence (left hand)
 m - a ring of poison resistance
 p - a +6 ring of dexterity
 y - a ring of magical power (right hand)
 E - a +6 ring of intelligence
 G - a +6 ring of strength
 R - the ring of Due Proportion {Wiz +Blink rElec rF- rN+}
   (You found it on level 8 of the Dungeon)

   [ring of wizardry]

   It improves your spell success rate.
   rF:        It makes you vulnerable to fire.
   rElec:     It insulates you from electricity.
   rN:        It protects you from negative energy.
   +Blink:    It lets you blink.
 U - a ring of resist corrosion
Wands
 a - a wand of flame (10)
 f - a wand of iceblast (6)
 w - a wand of mindburst (19)
 M - a wand of paralysis (13)
Scrolls
 c - 4 scrolls of enchant weapon {unknown}
 d - 2 scrolls of amnesia
 g - 2 scrolls of noise
 h - a scroll of immolation
 j - 3 scrolls of teleportation
 n - 2 scrolls of torment
 o - a scroll of brand weapon {unknown}
 u - 2 scrolls of magic mapping
 B - a scroll of poison
 I - 2 scrolls of enchant armour {unknown}
 S - a scroll of identify
 X - a scroll of fear
 Z - a scroll of vulnerability
Potions
 b - 2 potions of magic
 e - 10 potions of curing
 q - 3 potions of heal wounds
 r - a potion of might
 z - 2 potions of lignification {unknown}
 A - a potion of ambrosia {unknown}
 C - 2 potions of attraction {unknown}
 D - 3 potions of flight {unknown}
 H - 2 potions of haste {unknown}
 K - 2 potions of mutation {unknown}
 P - a potion of brilliance {unknown}
 W - a potion of degeneration {unknown}


   Skills:
 - Level 1.7 Dodging
 - Level 1.7 Stealth
 - Level 10.0 Spellcasting
 - Level 10.0 Conjurations
 + Level 4.5 Necromancy
 - Level 10.3 Translocations
 + Level 4.5 Earth Magic


You had 10 spell levels left.
You knew the following spells:

 Your Spells              Type           Power      Damage    Failure   Level
a - Magic Dart            Conj           100%       1d8       1%          1
b - Searing Ray           Conj           100%       2d8       1%          2
c - Iskenderun's Mystic   Conj/Tloc      66%        2d14      1%          4
d - Borgnjor's Vile Clut  Necr/Erth      21%        N/A       19%         5
e - Leda's Liquefaction   Hex/Erth       14%        N/A       17%         4
f - Fulminant Prism       Conj/Hex       22%        3d12      5%          4

Your spell library contained the following spells:

 Spells                   Type           Power      Damage    Failure   Level
 Sandblast                Erth           84%        2d18      1%          1
 Dazzling Flash           Conj/Hex       90%        N/A       1%          3
 Hailstorm                Conj/Ice       45%        3d10      1%          3
 Portal Projectile        Hex/Tloc       92%        N/A       1%          3
 Stone Arrow              Conj/Erth      100%       3d13      1%          3
 Passwall                 Tmut/Erth      23%        N/A       2%          2
 Freeze                   Ice            60%        1d7       4%          1
 Sting                    Tmut/Pois      60%        1d6       4%          1
 Ensorcelled Hibernation  Hex/Ice        30%        N/A       6%          2
 Poisonous Vapours        Pois/Air       30%        N/A       6%          2
 Animate Dead             Necr           42%        N/A       6%          4
 Call Canine Familiar     Summ           15%        N/A       13%         3
 Frozen Ramparts          Ice            30%        1d5       13%         3
 Ozocubu's Armour         Ice            15%        N/A       13%         3
 Spider Form              Tmut/Pois      15%        N/A       13%         3
 Anguish                  Hex/Necr       14%        N/A       17%         4
 Animate Armour           Summ/Erth      56%        N/A       17%         4
 Olgreb's Toxic Radiance  Pois           15%        N/A       38%         4
 Death Channel            Necr           21%        N/A       69%         6
 Ozocubu's Refrigeration  Ice            7%         4d9       100%        7
 Lehudib's Crystal Spear  Conj/Erth      28%        10d7      100%        8


Dungeon Overview and Level Annotations

Branches:
Dungeon (12/15)            Temple (0/1) D:4            Lair (0/5) D:9
    Orc (0/2) D:9

Shops:
D:7 :   D:8 *   D:10 *

Annotations:
D:11 BaconRulez's ghost, journeyman GrFi
D:12 SirLogeyBear's ghost, journeyman HOBe; Wiggles's ghost, journeyman MiBe


Innate Abilities, Weirdness & Mutations

You have an increased reservoir of magic. (+10% MP)
You shall have no god before yourself.
Your divine heritage dramatically boosts your attributes as you level up.


Message History

SirLogeyBear's ghost is knocked back by the mystic blast.
You now have 32/38 mp.
SirLogeyBear's ghost completely misses you.
Casting: Iskenderun's Mystic Blast (mildly dangerous; 1% risk of failure)
Confirm with . or Enter, or press ? or * to list all spells.
You erupt in a blast of force!
The mystic blast hits SirLogeyBear's ghost but does no damage.
SirLogeyBear's ghost is lightly damaged.
SirLogeyBear's ghost misses you.
Wiggles's ghost wails, "They lied to you.
The Dungeon just goes down and down forever."
You now have 30/38 mp.
SirLogeyBear's ghost attacks as you move away!
SirLogeyBear's ghost hits you!!
You are poisoned.
You feel very sick.
You take 24 damage, and have 50/74 hp.
MASSIVE DAMAGE!!
Casting: Iskenderun's Mystic Blast (mildly dangerous; 1% risk of failure)
Confirm with . or Enter, or press ? or * to list all spells.
You erupt in a blast of force!
The mystic blast hits Wiggles's ghost but does no damage.
Wiggles's ghost is lightly damaged.
The mystic blast hits SirLogeyBear's ghost but does no damage.
SirLogeyBear's ghost is lightly damaged.
You feel very sick. SirLogeyBear's ghost hits you!
You take 10 damage, and have 40/74 hp.
You now have 28/38 mp.
Wiggles's ghost attacks as you move away!
Wiggles's ghost hits you!!
* * * LOW HITPOINT WARNING * * *
You feel very sick.
You take 26 damage, and have 14/74 hp.
MASSIVE DAMAGE!!
Casting: Iskenderun's Mystic Blast (mildly dangerous; 1% risk of failure)
Confirm with . or Enter, or press ? or * to list all spells.
You erupt in a blast of force!
The mystic blast hits Wiggles's ghost but does no damage.
Wiggles's ghost is lightly damaged.
The mystic blast hits SirLogeyBear's ghost but does no damage.
SirLogeyBear's ghost is lightly damaged.
You feel very sick. SirLogeyBear's ghost hits you!!
You die...

...........#..........#)..#
...........##..........#..#
............#....)......#.#
............#[...........##
.......................###
.................#..####
..............#..#...#.#
...|....>..............###
#...............@WW......##
#...............##...##...#
........#.......#.....#...###
......####............##....#
......## #......#...........##
.......# #......#............#
......## #......#..##........#
.......#####..............####
.........# #..#.^........##


You could see SirLogeyBear's ghost and Wiggles's ghost.

Vanquished Creatures
  The ghost of boopmooplesden the Severer, a journeyman MiFi of Trog (D:12)
  The ghost of BaconRulez the Protected, a journeyman GrFi of Zin (D:11)
  A boulder beetle (D:12)
  3 two-headed ogres
  Lodul (D:10)
  2 ugly things
  2 manticores (D:11)
  An elephant (D:9)
  2 unseen horrors
  A kobold demonologist (D:11)
  Prince Ribbit (D:5)
  4 trolls
  4 slime creatures (D:12)
  A shadow (D:10)
  14 yaks
  A wraith (D:9)
  A wyvern (D:9)
  Eustachio (D:5)
  5 steam dragons
  6 vampire mosquitoes
  Edmund (D:4)
  4 acid dragons
  A water moccasin (D:7)
  8 orc warriors
  2 ice beasts (D:6)
  3 black bears
  7 ogres
  3 sky beasts (D:7)
  A centaur (D:10)
  A phantom (D:4)
  7 kobold brigands
  A bullfrog (D:6)
  8 wights
  2 scorpions
  8 killer bees
  4 howler monkeys
  2 jellies
  A hound (D:6)
  2 gnoll boudas
  4 orc priests
  Crazy Yiuf (D:3)
  14 orc wizards
  4 sleepcaps
  3 iguanas
  10 gnolls
  9 adders
  3 white imps
  An ufetubus (D:5)
  3 worms
  34 orcs
  6 ball pythons
  3 bats
  9 endoplasms
  4 giant cockroaches
  4 goblins
  8 hobgoblins
  3 jackals (D:3)
  39 kobolds
  4 quokkas
  4 frilled lizards
  6 rats
295 creatures vanquished.

Vanquished Creatures (others)
  An orc wizard (D:9)
  An orc (D:8)
  An endoplasm (D:4)
  4 fulminant prisms (D:12)
7 creatures vanquished.

Grand Total: 302 creatures vanquished

Notes
Turn   | Place    | Note
-------+----------+-------------------------------------------
     0 | D:1      | spardeous the Demigod Conjurer began the quest for the Orb.
     0 | D:1      | Reached XP level 1. HP: 14/14 MP: 5/5
   453 | D:1      | Reached XP level 2. HP: 20/20 MP: 0/7
   952 | D:1      | Learned a level 2 spell: Searing Ray
  1107 | D:2      | Reached XP level 3. HP: 26/26 MP: 6/9
  1696 | D:3      | Found a runed translucent door.
  1697 | D:3      | Noticed Crazy Yiuf
  1836 | D:3      | Reached XP level 4. HP: 33/33 MP: 8/11
  2283 | D:3      | Learned a level 4 spell: Iskenderun's Mystic Blast
  2385 | D:4      | Noticed a phantom
  2392 | D:4      | Killed a phantom
  2393 | D:4      | Reached skill level 5 in Conjurations
  2393 | D:4      | Reached XP level 5. HP: 38/38 MP: 9/13
  2463 | D:4      | Noticed Edmund
  2655 | D:4      | Killed Edmund
  2656 | D:4      | Reached XP level 6. HP: 30/45 MP: 3/15
  3049 | D:4      | Found a staircase to the Ecumenical Temple.
  3316 | D:5      | Entered Level 5 of the Dungeon
  3521 | D:5      | Reached XP level 7. HP: 27/50 MP: 8/17
  3643 | D:5      | Noticed Prince Ribbit
  3650 | D:5      | Killed Prince Ribbit
  3651 | D:5      | Reached skill level 5 in Spellcasting
  4003 | D:5      | Noticed Eustachio
  4011 | D:5      | Killed Eustachio
  4145 | D:3      | Killed Crazy Yiuf
  4146 | D:3      | Reached XP level 8. HP: 57/57 MP: 20/20
  4280 | D:6      | Reached skill level 1 in Translocations
  5390 | D:7      | Reached XP level 9. HP: 18/62 MP: 18/21
  5728 | D:7      | Found the +7 sceptre of Torment {pain, torment}
  5823 | D:7      | Reached skill level 5 in Translocations
  5868 | D:7      | Identified the +2 plate armour "Lext" {rF+ Regen+ Dex+5}
  6040 | D:7      | Found Widofi's Book Emporium.
  6672 | D:8      | Identified the +3 scale mail of Lepaarist {*Slow +Blink
                  | rElec}
  6676 | D:8      | Identified the ring of Due Proportion {Wiz +Blink rElec rF-
                  | rN+}
  6889 | D:8      | Found Qefish's General Store.
  6986 | D:8      | Reached skill level 10 in Conjurations
  7338 | D:9      | Reached XP level 10. HP: 66/69 MP: 24/24
  7347 | D:9      | Noticed an elephant
  7519 | D:9      | Killed an elephant
  7622 | D:9      | Found a staircase to the Lair.
  8249 | D:9      | Found a staircase to the Orcish Mines.
  8509 | D:10     | Entered Level 10 of the Dungeon
  8843 | D:10     | Noticed Lodul
  8853 | D:10     | Killed Lodul
  8867 | D:10     | Reached XP level 11. HP: 39/74 MP: 2/28
  9118 | D:10     | Found Ekhon's General Store.
  9430 | D:11     | Noticed a two-headed ogre
  9443 | D:11     | Killed a two-headed ogre
  9906 | D:11     | Reached skill level 10 in Translocations
 10318 | D:11     | Reached skill level 10 in Spellcasting
 10558 | D:11     | Identified the +1 ring mail of Yredelemnul's Esteem {rC+
                  | Str+5 Dex-4 Stlth-}
 10768 | D:7      | Bought a book of Unlife for 504 gold pieces
 10774 | D:7      | Learned a level 5 spell: Borgnjor's Vile Clutch
 10779 | D:7      | Learned a level 4 spell: Leda's Liquefaction
 10941 | D:12     | Reached skill level 1 in Necromancy
 10941 | D:12     | Reached skill level 1 in Earth Magic
 11003 | D:12     | Noticed a two-headed ogre
 11036 | D:12     | Killed a two-headed ogre
 11039 | D:12     | Noticed a two-headed ogre
 11049 | D:12     | Killed a two-headed ogre
 11250 | D:12     | Noticed a boulder beetle
 11469 | D:12     | Found a runed translucent gate.
 11470 | D:12     | Found a runed translucent gate.
 11470 | D:12     | Found a runed translucent gate.
 11471 | D:12     | Noticed BaconRulez's ghost (journeyman GrFi)
 11471 | D:12     | Noticed Wiggles's ghost (journeyman MiBe)
 11471 | D:12     | Noticed boopmooplesden's ghost (journeyman MiFi)
 11471 | D:12     | Noticed BaconRulez's ghost (journeyman GrFi)
 11471 | D:12     | Noticed SirLogeyBear's ghost (journeyman HOBe)
 11589 | D:12     | Killed a boulder beetle
 12819 | D:11     | Killed BaconRulez's ghost
 12898 | D:11     | Learned a level 4 spell: Fulminant Prism
 13257 | D:12     | Killed boopmooplesden's ghost
 13382 | D:12     | Identified the staff of death "Tiecud" {rN+ Int+3}
 13453 | D:12     | Demolished by SirLogeyBear's ghost

Illustrated notes

Levels and vault maps discovered:
D:1:      elethiomel_arrival_infinity_welcomes_careful_drivers,
          layout_loops_cross
D:2:      layout_loops_ring
D:3:      layout_rooms, uniq_crazy_yiuf_cottage
D:4:      layout_basic, amethyst_overflow_temple_binary,
          lemuel_temple_firewalk_b, uniq_edmund
D:5:      layout_cave_pools, grunt_dithmenos_smoke_and_mirrors,
          guppyfry_early_orc_mine, uniq_eustachio, uniq_prince_ribbit1
D:6:      layout_basic
D:7:      layout_basic, nicolae_ru_sacrificial_ziggurat, serial_shops,
          nicolae_shop_trees, hangedman_decor_points
D:8:      layout_gridville, nicolae_vehumet_radiance, serial_shops,
          kennysheep_mini, eino_small_chamber_without_monster
D:9:      layout_irregular_city, david_lair_generic
D:10:     layout_roguey, mainiacjoe_overflow_catwalk_spiral, serial_shops, shop,
          uniq_lodul
D:11:     layout_cave_pods
D:12:     layout_cave_pools, gammafunk_ghost_cemetery,
          hangedman_decor_diamond_cutter

Skill      XL: |  1  2  3  4  5  6  7  8  9 10 11 |
---------------+----------------------------------+-----
Spellcasting   | 2 3 4 6 8 10 | 10.0
Conjurations   | 4 5 6 7 8 10 | 10.0
Translocations | 4 7 9 10 | 10.3
Necromancy     | 4 |  4.5
Earth Magic    | 4 |  4.5
Dodging        | |  1.7
Stealth        | |  1.7

Action                     |  1- 3 |  4- 6 |  7- 9 | 10-12 || total
---------------------------+-------+-------+-------+-------++-------
  Melee: Eveningstar       |       |       |     6 |    36 ||    42
         Punch             |       |       |     1 |     2 ||     3
   Cast: Magic Dart        |    82 |    67 |    85 |       ||   234
         Searing Ray       |       |    21 |    42 |     3 ||    66
         Iskenderun's Myst |       |       |    71 |   338 ||   409
         Fulminant Prism   |       |       |       |     4 ||     4
         Borgnjor's Vile C |       |       |       |     2 ||     2
         Leda's Liquefacti |       |       |       |     1 ||     1
    Use: Scroll            |       |     9 |       |     5 ||    14
         Potion            |       |       |       |     2 ||     2
 Armour: Leather armour    |     1 |     4 |    25 |       ||    30
         Steam dragon scal |       |       |     6 |    69 ||    75
         Troll leather arm |       |       |       |     9 ||     9
  Dodge: Dodged            |     5 |    20 |    47 |   102 ||   174
